 Dungeon Crawl Stone Soup version 0.18.1-5-g4a78601 (webtiles) character file.

68 mopl the Conjurer (level 4, -1/24 HPs)
             Began as a Deep Elf Conjurer on May 9, 2016.
             Slain by MagicLamp's ghost (12 damage)
             ... on level 3 of the Dungeon.
             The game lasted 00:03:00 (1872 turns).

mopl the Conjurer (Deep Elf Conjurer)               Turns: 1872, Time: 00:03:01

Health: -1/24      AC:  3    Str:  5    XL:     4   Next: 1%
Magic:  6/21       EV: 13    Int: 21    God:
Gold:   77         SH:  3    Dex: 15    Spells: 3 memorised, 5 levels left

rFire  . . .     SeeInvis .     (no weapon)
rCold  . . .     Gourm    .     a - +0 robe
rNeg   . . .     Faith    .     (no shield)
rPois  .         Spirit   .     (no helmet)
rElec  .         Dismiss  .     (no cloak)
rCorr  .         Reflect  +     n - +0 pair of gloves
SustAt .         Harm     .     (no boots)
MR     .....                    o - +3 amulet of reflection
Stlth  ++........               x - ring of magical power
                                g - ring of flight (curse)

@: not resistant to hostile enchantments, unstealthy
A: no striking features
a: Evoke Flight


You were on level 3 of the Dungeon.
You were not hungry.

You visited 1 branch of the dungeon, and saw 3 of its levels.

You collected 77 gold pieces.

Inventory:

Missiles
 e - 19 poisoned needles
Armour
 a - a +0 robe (worn)
 n - a +0 pair of gloves (worn)
Jewellery
 g - a cursed ring of flight (left hand)
 o - a +3 amulet of reflection (around neck)
 x - a ring of magical power (right hand)
Scrolls
 d - a scroll of amnesia {unknown}
 f - 2 scrolls of enchant weapon {unknown}
 h - 5 scrolls of identify {unknown}
 i - 2 scrolls of magic mapping {unknown}
 p - a scroll of teleportation {unknown}
 q - a scroll of random uselessness {unknown}
 s - a scroll of blinking {unknown}
 u - a scroll of fear {unknown}
Potions
 j - 2 potions of agility {unknown}
 k - a potion of brilliance {unknown}
 l - a potion of degeneration {unknown}
 r - a potion of lignification {unknown}
 v - a potion of heal wounds {unknown}
 w - a potion of mutation {unknown}
Books
 b - a book of Conjurations

   Spells                             Type                      Level
   a - Magic Dart                     Conjuration                  1
   b - Searing Ray                    Conjuration                  2
   c - Dazzling Spray                 Conjuration/Hexes            3
   d - Fulminant Prism                Conjuration/Hexes            4
   e - Iskenderun's Mystic Blast      Conjuration                  4
   f - Iskenderun's Battlesphere      Conjuration/Charms           5
Miscellaneous
 m - a plain deck of summoning
Comestibles
 c - 2 bread rations
 t - 3 chunks of flesh


   Skills:
 - Level 2.4 Dodging
 - Level 2.4 Stealth
 + Level 4.0 Spellcasting
 * Level 5.6 Conjurations


You had 5 spell levels left.
You knew the following spells:

 Your Spells              Type           Power        Failure   Level  Hunger
a - Magic Dart            Conj           ####         1%          1    None
b - Searing Ray           Conj           ####..       1%          2    #......
c - Dazzling Spray        Conj/Hex       ###.....     14%         3    ###....


Dungeon Overview and Level Annotations

Branches:
Dungeon (3/15)

Altars:
Nemelex Xobeh
Pakellas

Annotations:
D:3 MagicLamp's ghost, amateur DrMo


Message History

Your Spellcasting skill increases to level 4!
You have reached level 4!
You feel clever.
MagicLamp's ghost turns its malevolent gaze towards you.
There is a stone staircase leading up here.
Casting: Magic Dart
Confirm with . or Enter, or press ? or * to list all spells.
Aiming: Searing Ray
Press: ? - help, Shift-Dir - straight line, f - MagicLamp's ghost
Aim: MagicLamp's ghost The searing ray hits MagicLamp's ghost.
MagicLamp's ghost barely misses you.
The searing ray misses MagicLamp's ghost.
MagicLamp's ghost hits you.
The searing ray misses MagicLamp's ghost.
MagicLamp's ghost hits you!
The searing ray hits MagicLamp's ghost.
MagicLamp's ghost is moderately damaged.
MagicLamp's ghost hits you!
Ouch! That really hurt!
You die...

#......#.#
#.##....############
#......#.#####.###.....##.
..................(.......#
.####.##.......)..#.###.###
..........................
.####.##.###......#..##.###
.# # #.# #...##.##.# .#
#.......##W# .# .#
....#...#@.##.##.. .#
)...#.#.#(........ .# ..
#.#.#..###.##. .# #..#
#.... ...### ..### +## ..
..# ...


You could see MagicLamp's ghost.

Vanquished Creatures
  2 adders
  A worm (D:2)
  3 dart slugs
  A giant gecko (D:1)
  2 giant cockroaches
  5 goblins
  4 hobgoblins
  5 jackals
  2 ball pythons
  4 bats
  A giant newt (D:2)
  5 kobolds
  5 rats
40 creatures vanquished.

Notes
Turn   | Place    | Note
--------------------------------------------------------------
     0 | D:1      | mopl the Deep Elf Conjurer began the quest for the Orb.
     0 | D:1      | Reached XP level 1. HP: 10/10 MP: 6/6
   109 | D:1      | Reached XP level 2. HP: 15/15 MP: 1/8
   113 | D:1      | Learned a level 2 spell: Searing Ray
   808 | D:2      | Reached skill level 5 in Conjurations
   821 | D:2      | Found a sparkling altar of Nemelex Xobeh.
  1098 | D:1      | Reached XP level 3. HP: 12/19 MP: 0/10
  1184 | D:1      | Learned a level 3 spell: Dazzling Spray
  1639 | D:3      | Noticed MagicLamp's ghost (amateur DrMo)
  1844 | D:3      | Found an oddly glowing altar of Pakellas.
  1846 | D:3      | Reached skill level 4 in Spellcasting
  1846 | D:3      | Reached XP level 4. HP: 24/24 MP: 6/12
  1872 | D:3      | Slain by MagicLamp's ghost

Skill      XL: |  1  2  3 |
---------------+----------+-----
Conjurations   | 5 |  5.6
Spellcasting   | 4 |  4.0
Dodging        | |  2.4
Stealth        | |  2.4

Action                   |  1- 3 |  4- 6 || total
-------------------------+-------+-------++-------
Melee: Unarmed           |     2 |       ||     2
 Cast: Magic Dart        |    79 |     1 ||    80
       Searing Ray       |     1 |     1 ||     2
  Eat: Chunk             |     3 |       ||     3
Armor: Robe              |     8 |       ||     8
Dodge: Dodged            |    15 |     1 ||    16
Block: Other             |     1 |       ||     1
